General information
- name: BNet
- type: Ladder team game (AT/RT)
- host: Battle.net
- saver: TIMG4STRok
map: PhantomGrove
- players: 4
- length: 18:34
- speed: Fast
- version: 1.24 W3XP
- replay type:

» download(133 KB)
Players
team 1 (winner)

»
RUSH[YYZ] (
teal | 112 APM | 2072 actions | 18:33)
3 Demon Hunter
2 Mana Burn
1 Evasion
3 Naga Sea Witch
1 Frost Arrows
2 Forked Lightning
» actions
| Assign group hotkey | 62 | |
| Basic commands | 120 | |
| Build / train | 68 | |
| Enter build submenu | 19 | |
| Enter hero's abilities submenu | 6 | |
| Remove unit from queue | 2 | |
| Right click | 941 | |
| Select / deselect | 370 | |
| Select group hotkey | 411 | |
| Use ability | 73 | |
2072 total
» units
» upgrades
| Druid of the Claw Training | 2 | |
| Strength of the Wild | 1 | |
| Abolish Magic | 1 | |
| Mark of the Claw | 1 | |
5 total
» buildings
| Altar of Elders | 1 | |
| Moon Well | 7 | |
| Hunter's Hall | 2 | |
| Ancient of War | 1 | |
| Tree of Ages | 2 | |
| Ancient Protector | 1 | |
| Ancient of Lore | 3 | |
| Ancient of Wonders | 1 | |
| Tree of Eternity | 5 | |
23 total
» build order
00:12 Altar of Elders
00:13 Moon Well
01:47 Hunter's Hall
01:50 Ancient of War
01:52 Hunter's Hall
02:15 Moon Well
04:53 Moon Well
04:55 Tree of Ages
04:55 Tree of Ages
06:00 Moon Well
06:05 Moon Well
06:40 Ancient Protector
08:34 Ancient of Lore
10:46 Ancient of Lore
10:53 Ancient of Wonders
13:27 Tree of Eternity
13:28 Tree of Eternity
13:28 Tree of Eternity
15:10 Ancient of Lore
15:26 Moon Well
15:28 Moon Well
» items
| Staff of Preservation | 1 | |
| Potion of Healing | 1 | |
| Scroll of Town Portal | 1 | |
| Orb of Venom | 1 | |
| Lesser Clarity Potion | 1 | |
5 total

»
TIMG4STRok (
green | 181 APM | 3359 actions | 18:34)
5 Blademaster
2 Wind Walk
3 Critical Strike
3 Shadow Hunter
2 Hex
1 Healing Wave
» actions
| Assign group hotkey | 32 | |
| Basic commands | 26 | |
| Build / train | 60 | |
| Enter build submenu | 14 | |
| Enter hero's abilities submenu | 8 | |
| Right click | 1445 | |
| Select / deselect | 250 | |
| Select group hotkey | 1375 | |
| Use ability | 149 | |
3359 total
» units
| Peon | 8 | |
| Grunt | 4 | |
| Raider | 6 | |
| Spirit Walker | 4 | |
| Kodo Beast | 1 | |
| Tauren | 5 | |
28 total
» upgrades
| Berserker Strength | 1 | |
| Ensnare | 1 | |
| Spirit Walker Training | 2 | |
| Melee Weapons | 1 | |
| Armor | 1 | |
| War Drums Damage Increase | 1 | |
7 total
» buildings
| Altar of Storms | 1 | |
| Orc Burrow | 5 | |
| Barracks | 1 | |
| Stronghold | 1 | |
| War Mill | 1 | |
| Watch Tower | 2 | |
| Voodoo Lounge | 1 | |
| Beastiary | 1 | |
| Spirit Lodge | 1 | |
| Fortress | 1 | |
| Tauren Totem | 1 | |
16 total
» build order
00:06 Altar of Storms
00:18 Orc Burrow
00:39 Barracks
01:29 Orc Burrow
02:54 Stronghold
03:17 War Mill
04:38 Watch Tower
04:38 Watch Tower
05:35 Orc Burrow
05:41 Voodoo Lounge
05:48 Beastiary
06:03 Spirit Lodge
06:07 Orc Burrow
10:45 Fortress
13:15 Tauren Totem
15:23 Orc Burrow
» items
| Scroll of Town Portal | 3 | |
| Healing Salve | 4 | |
| Lesser Clarity Potion | 4 | |
| Orb of Lightning | 1 | |
| Scroll of Speed | 1 | |
13 total
team 2 (loser)
Guts- (
orange | 113 APM | 2098 actions | 18:33)
3 Blademaster
2 Wind Walk
1 Critical Strike
2 Shadow Hunter
1 Hex
1 Healing Wave
» actions
| Assign group hotkey | 298 | |
| Basic commands | 63 | |
| Build / train | 77 | |
| ESC pressed | 2 | |
| Enter build submenu | 15 | |
| Enter hero's abilities submenu | 5 | |
| Right click | 808 | |
| Select / deselect | 271 | |
| Select group hotkey | 440 | |
| Use ability | 119 | |
2098 total
» units
| Peon | 10 | |
| Grunt | 18 | |
| Raider | 15 | |
| Kodo Beast | 6 | |
| Spirit Walker | 2 | |
51 total
» upgrades
| Berserker Strength | 1 | |
| Ensnare | 1 | |
| Troll Regeneration | 1 | |
3 total
» buildings
| Altar of Storms | 1 | |
| Orc Burrow | 6 | |
| Barracks | 1 | |
| Voodoo Lounge | 1 | |
| Stronghold | 2 | |
| War Mill | 1 | |
| Beastiary | 2 | |
| Spirit Lodge | 1 | |
15 total
» build order
00:07 Altar of Storms
00:13 Orc Burrow
00:40 Barracks
01:21 Orc Burrow
01:58 Voodoo Lounge
03:34 Stronghold
03:34 Stronghold
03:53 Orc Burrow
04:48 Orc Burrow
06:17 War Mill
06:23 Beastiary
08:39 Beastiary
11:31 Orc Burrow
11:35 Orc Burrow
15:05 Spirit Lodge
» items
| Healing Salve | 2 | |
| Lesser Clarity Potion | 2 | |
| Scroll of Town Portal | 1 | |
| Scroll of Speed | 1 | |
| Potion of Healing | 1 | |
| Potion of Mana | 1 | |
8 total
vM]Symbiosis- (
blue | 179 APM | 3296 actions | 18:24)
4 Demon Hunter
2 Mana Burn
2 Evasion
2 Naga Sea Witch
1 Frost Arrows
1 Forked Lightning
» actions
| Assign group hotkey | 404 | |
| Basic commands | 213 | |
| Build / train | 66 | |
| ESC pressed | 1 | |
| Enter build submenu | 18 | |
| Enter hero's abilities submenu | 6 | |
| Give item / drop item | 1 | |
| Right click | 1502 | |
| Select / deselect | 345 | |
| Select group hotkey | 618 | |
| Use ability | 122 | |
3296 total
» units
| Wisp | 15 | |
| Druid of the Claw | 15 | |
30 total
» upgrades
| Druid of the Claw Training | 2 | |
| Mark of the Claw | 1 | |
3 total
» buildings
| Altar of Elders | 1 | |
| Moon Well | 7 | |
| Tree of Ages | 2 | |
| Hunter's Hall | 2 | |
| Ancient of Wonders | 1 | |
| Ancient of Lore | 3 | |
| Tree of Eternity | 4 | |
20 total
» build order
00:05 Altar of Elders
00:17 Moon Well
02:15 Tree of Ages
02:15 Tree of Ages
02:17 Moon Well
02:19 Moon Well
02:22 Moon Well
02:36 Moon Well
05:26 Hunter's Hall
05:48 Hunter's Hall
05:56 Ancient of Wonders
05:59 Moon Well
06:03 Moon Well
06:54 Ancient of Lore
06:56 Ancient of Lore
08:01 Tree of Eternity
08:02 Tree of Eternity
10:46 Ancient of Lore
» items
| Scroll of Town Portal | 2 | |
| Staff of Preservation | 1 | |
| Potion of Healing | 3 | |
| Dust of Appearance | 1 | |
| Anti-magic Potion | 1 | |
8 total
Chat log
(00:24 / Allies) TIMG4STRok: oops late burrow
(00:30 / Allies) TIMG4STRok: was too busy watching your early well
(00:46 / Allies) RUSH[YYZ]: better early than never
(00:52 / Allies) TIMG4STRok: ye
(01:16 / Allies) TIMG4STRok: got a new strat for orc mirror
(01:18 / Allies) TIMG4STRok: is p. sweet
(01:23 / Allies) TIMG4STRok: beat the heck outta jay with it
(01:29 / Allies) RUSH[YYZ]: yo
(01:30 / Allies) RUSH[YYZ]: fs
(01:33 / Allies) RUSH[YYZ]: mass hhh
(01:36 / Allies) RUSH[YYZ]: tower rush...
(01:39 / Allies) RUSH[YYZ]: shop control
(01:42 / Allies) TIMG4STRok: me??
(01:43 / Allies) RUSH[YYZ]: thats the shit
(01:49 / Allies) TIMG4STRok: 'or you mean in mirror
(01:56 / Allies) RUSH[YYZ]: bnio
(01:57 / Allies) RUSH[YYZ]: mirror
(01:59 / Allies) RUSH[YYZ]: lol
(02:01 / Allies) TIMG4STRok: lmao
(02:04 / Allies) TIMG4STRok: i fs fast tech
(02:07 / Allies) RUSH[YYZ]: im not kidding.
(02:12 / Allies) TIMG4STRok: skip barracks
(02:16 / Allies) TIMG4STRok: go dual beastiary raiders
(02:18 / Allies) TIMG4STRok: its killer
(02:50 / Allies) RUSH[YYZ]: in coming
(03:13 / Allies) TIMG4STRok: mass wells
(03:14 / Allies) TIMG4STRok: tower up
(06:12 / Allies) TIMG4STRok: bad base by me
(06:13 / Allies) TIMG4STRok: oops
(06:24 / Allies) RUSH[YYZ]: my basee
(06:49 / Allies) TIMG4STRok: any wood
(08:37 / Allies) TIMG4STRok: lores
(11:19 / Allies) TIMG4STRok: keep orc busy
(11:21 / Allies) TIMG4STRok: gonna kill lores
(13:23 / Allies) TIMG4STRok: b
(15:28 / Allies) TIMG4STRok: gotta heal
(15:32 / Allies) TIMG4STRok: damn im tearing shit up
(15:36 / Allies) TIMG4STRok: this is a v. good orc game for me
(16:02 / Allies) RUSH[YYZ]: lumber?